[Event "DVM U12 2024"]
[Site "Heidelberg"]
[Date "2024.12.28"]
[Round "4"]
[White "Shen, Tingrui"]
[Black "Fadeev, Justin Michael"]
[Result "1-0"]
[ECO "A12"]
[WhiteElo "2164"]
[BlackElo "1894"]
[Annotator "RC"]
[PlyCount "77"]
[EventDate "2024.12.23"]
[EventType "team-tourn"]
[EventRounds "7"]
[EventCountry "GER"]
[SourceTitle "playchess.com"]
[Source "ChessBase"]
[SourceQuality "1"]
[TimeControl "40/5400+30:1800+30"]

1. b3 d5 2. Bb2 Nf6 3. Nf3 Bf5 4. d3 h6 5. Nbd2 e6 6. c4 c6 7. g3 Be7 8. Bg2 O-O 9. O-O Na6 10. Re1 Bh7 11. a3 Nd7 12. b4 Bf6 13. d4 c5 14. b5 Nc7 15. a4 cxd4 16. Nxd4 Nc5 17. N2b3 Nxb3 18. Qxb3 dxc4 19. Qxc4 Nd5 20. e3 Rc8 21. Qb3 Qa5 22. e4 Qb4 23. Qxb4 Nxb4 24. e5 Be7 25. Bxb7 Rc4 26. Nc6 Bc5 27. Nxb4 Bxb4 28. Red1 Rc2 29. Bd4 Bg6 30. Bc6 Bh5 31. Rdc1 Rd2 32. Bxa7 f6 33. exf6 Rxf6 34. Be3 Rd8 35. a5 Bd2 36. Bxd2 Rxd2 37. a6 Rfxf2 38. a7 Be8 39. a8=Q 1-0

[Event "DVM U12 2024"]
[Site "Heidelberg"]
[Date "2024.12.28"]
[Round "4"]
[White "Gersemann, Karl"]
[Black "Sutharjan, Dakxwin"]
[Result "1-0"]
[ECO "B11"]
[WhiteElo "2012"]
[BlackElo "1917"]
[Annotator "NA RC"]
[PlyCount "49"]
[EventDate "2024.12.23"]
[EventType "team-tourn"]
[EventRounds "7"]
[EventCountry "GER"]
[SourceTitle "playchess.com"]
[Source "ChessBase"]
[SourceQuality "1"]
[TimeControl "40/5400+30:1800+30"]

1. e4 c6 2. Nc3 d5 3. Nf3 Nf6 4. e5 Ne4 5. Ne2 Qb6 6. d4 e6 7. Ng3 Nxg3 8. fxg3 c5 9. Bd3 Nc6 10. O-O h6 (10... cxd4 $142 11. Qe2 h6) 11. a3 Bd7 12. g4 O-O-O 13. Kh1 Be7 $14 ({Black should play} 13... cxd4 $11 14. Qe2 Kb8) 14. dxc5 Bxc5 15. c3 g6 16. b4 Be3 17. Qe2 Bxc1 18. Raxc1 Kb8 19. a4 a5 20. b5 Ne7 21. Nd4 Rhf8 22. Qe3 g5 23. Nc6+ Nxc6 24. Qxb6 Nxe5 25. Qd6+ 1-0

[Event "DVM U12 2024"]
[Site "Heidelberg"]
[Date "2024.12.28"]
[Round "4"]
[White "Engelhaupt, Henry"]
[Black "Tu, Tiffany"]
[Result "1-0"]
[ECO "C54"]
[WhiteElo "1905"]
[BlackElo "1670"]
[Annotator "NA RC"]
[PlyCount "99"]
[EventDate "2024.12.23"]
[EventType "team-tourn"]
[EventRounds "7"]
[EventCountry "GER"]
[SourceTitle "playchess.com"]
[Source "ChessBase"]
[SourceQuality "1"]
[TimeControl "40/5400+30:1800+30"]

1. e4 e5 2. Nf3 Nc6 3. Bc4 Nf6 4. d3 Bc5 5. c3 d6 6. Nbd2 a6 7. a4 Ba7 8. O-O O-O 9. h3 Be6 10. Bb3 h6 11. Re1 Ne7 12. Nf1 Ng6 13. Ng3 c6 14. Bc2 Qd7 15. d4 Rad8 16. Be3 Bb8 17. Qe2 Rfe8 18. Rad1 Qe7 $14 19. a5 Bc7 20. b4 Bd7 21. dxe5 Nxe5 22. Bd4 Nxf3+ 23. Qxf3 Nh7 24. Nf5 Bxf5 25. Qxf5 Qg5 26. Qxg5 Nxg5 27. f3 Ne6 28. Be3 Rd7 29. Bb3 Red8 30. Rd2 Rb8 31. Red1 Kf8 32. Bxe6 fxe6 33. Bc5 Rbd8 34. e5 Ke7 35. exd6+ Bxd6 36. Rxd6 Rxd6 37. f4 g6 38. Kf2 g5 39. g3 R8d7 40. Ke3 gxf4+ 41. gxf4 h5 42. Ke4 Kf6 43. Rxd6 Rxd6 44. Bxd6 Kg6 45. Ke5 Kf7 46. h4 Ke8 47. Kxe6 Kd8 48. f5 Kc8 49. f6 Kd8 50. f7 1-0

[Event "DVM U12 2024"]
[Site "Heidelberg"]
[Date "2024.12.28"]
[Round "4"]
[White "Kuhns, David"]
[Black "Liu, Kairui"]
[Result "0-1"]
[ECO "C77"]
[WhiteElo "1904"]
[BlackElo "1559"]
[Annotator "NA RC"]
[PlyCount "108"]
[EventDate "2024.12.23"]
[EventType "team-tourn"]
[EventRounds "7"]
[EventCountry "GER"]
[SourceTitle "playchess.com"]
[Source "ChessBase"]
[SourceQuality "1"]
[TimeControl "40/5400+30:1800+30"]

1. e4 e5 2. Nf3 Nc6 3. Bb5 a6 4. Ba4 Nf6 5. d3 Be7 6. h3 {[%emt 0:00:32] C77: Ruy Lopez: 3...a6 4 Ba4 Nf6, unusual lines.} O-O 7. c3 b5 8. Bb3 d5 9. Nbd2 Bb7 10. a3 Qd7 11. O-O Rfe8 12. Ba2 Rad8 13. c4 dxc4 14. dxc4 bxc4 15. Bxc4 Nxe4 16. Qe2 Nxd2 17. Nxd2 Bd6 18. Ne4 Nd4 19. Qd3 Qc6 20. f3 Ne6 (20... Be7 $19 21. Qc3 Qg6) 21. Be3 Bc5 $19 22. Qc3 Bxe3+ 23. Kh1 Bd4 24. Qc2 Qb6 25. Rab1 Bd5 26. Bxd5 Rxd5 27. Rfd1 Rdd8 28. Rd2 Be3 29. Rd3 Rxd3 30. Qxd3 Rd8 31. Qc2 h6 32. Rd1 Rxd1+ 33. Qxd1 Qd4 34. Qc2 Nc5 35. Nc3 Qd3 36. Qxd3 Nxd3 37. Nd5 Bb6 38. b4 Kf8 39. a4 a5 40. bxa5 Bxa5 41. g3 Nb2 42. f4 exf4 43. gxf4 Nxa4 44. Ne3 c5 45. Nc4 Bc3 46. Kg2 Nb2 47. Na3 c4 48. Nc2 Ke7 49. Kf2 Ke6 50. Ke3 g5 51. fxg5 hxg5 52. Ke4 Nd3 53. Ne3 Nb2 54. Nd5 f5+ 0-1

[Event "DVM U12 2024"]
[Site "Heidelberg"]
[Date "2024.12.28"]
[Round "4"]
[White "Vartanian, Roman"]
[Black "Jahn, Gustav"]
[Result "1/2-1/2"]
[ECO "A90"]
[WhiteElo "1853"]
[BlackElo "1822"]
[Annotator "NA RC"]
[PlyCount "81"]
[EventDate "2024.12.23"]
[EventType "team-tourn"]
[EventRounds "7"]
[EventCountry "GER"]
[SourceTitle "playchess.com"]
[Source "ChessBase"]
[SourceQuality "1"]
[TimeControl "40/5400+30:1800+30"]

1. Nf3 d5 2. d4 c6 3. c4 e6 4. Nc3 f5 5. g3 Nf6 6. Bg2 Bd6 7. O-O O-O 8. Qb3 Nbd7 9. Bg5 h6 10. Bxf6 Nxf6 11. Rfe1 Ne4 12. a4 Bd7 13. c5 Bc7 14. Qa3 b6 15. cxb6 Bxb6 16. a5 Bc7 17. b4 Rb8 18. Rab1 Qe7 19. Rb2 Bd6 20. Reb1 Nxc3 21. Qxc3 Rb5 22. Ne1 Rfb8 23. Nd3 Be8 24. f4 g5 25. e3 g4 26. Bf1 R5b7 27. h3 h5 28. h4 Kh7 29. Kh1 Kg7 30. Kh2 Kh7 31. Kg2 Kg7 32. Kf2 Kf7 33. Be2 Bd7 34. Bd1 Rc7 35. Nc5 Bxc5 36. bxc5 Rxb2+ 37. Qxb2 Bc8 38. Qb8 Rb7 39. Rxb7 Qxb7 40. Qxb7+ Bxb7 41. Be2 1/2-1/2

[Event "DVM U12 2024"]
[Site "Heidelberg"]
[Date "2024.12.28"]
[Round "4"]
[White "Kraus, Linus"]
[Black "Mao, Leo"]
[Result "1-0"]
[ECO "A05"]
[WhiteElo "1803"]
[BlackElo "1752"]
[Annotator "NA RC"]
[PlyCount "67"]
[EventDate "2024.12.23"]
[EventType "team-tourn"]
[EventRounds "7"]
[EventCountry "GER"]
[SourceTitle "playchess.com"]
[Source "ChessBase"]
[SourceQuality "1"]
[TimeControl "40/5400+30:1800+30"]

1. Nf3 Nf6 2. g3 d5 3. Bg2 g6 4. b3 Bg7 5. Bb2 O-O 6. c4 dxc4 7. bxc4 c6 8. Nc3 Nbd7 9. d3 Rb8 10. O-O b5 11. Nd4 Rb6 12. Nxc6 Qe8 13. Nxb5 Nb8 14. Nxb8 Rxb8 15. Be5 Nd7 16. Bxb8 Bxa1 17. Bxa7 Bg7 18. Bd4 Bxd4 19. Nxd4 e5 20. Nb5 f5 21. a4 f4 22. a5 Qd8 23. Bd5+ Kg7 24. Qa1 Ba6 25. Na7 Qg5 26. Qa4 Nf6 27. Qb4 Nxd5 28. cxd5 h5 29. Qe4 h4 30. Nc6 Re8 31. d6 Bc8 32. Rb1 hxg3 33. fxg3 Bh3 34. d7 1-0

[Event "DVM U12 2024"]
[Site "Heidelberg"]
[Date "2024.12.28"]
[Round "4"]
[White "Kovalskyy, Alicia"]
[Black "Vu Hoang Bach"]
[Result "1-0"]
[ECO "B13"]
[WhiteElo "1758"]
[BlackElo "1779"]
[Annotator "NA RC"]
[PlyCount "125"]
[EventDate "2024.12.23"]
[EventType "team-tourn"]
[EventRounds "7"]
[EventCountry "GER"]
[SourceTitle "playchess.com"]
[Source "ChessBase"]
[SourceQuality "1"]
[TimeControl "40/5400+30:1800+30"]

1. e4 c6 2. d4 d5 3. exd5 cxd5 4. Bd3 Nc6 5. c3 Nf6 6. h3 e6 7. Nf3 Bd6 8. O-O Qc7 9. Re1 Ne7 10. Ne5 O-O 11. Bg5 Ne8 12. Bxe7 Qxe7 13. Qh5 f5 14. Nd2 Nf6 15. Qg5 Ne4 16. Qxe7 Bxe7 17. Nf1 Bf6 18. f3 Bxe5 19. dxe5 Nc5 20. Bc2 a5 21. Ng3 Bd7 22. Ne2 Rfc8 23. Nd4 Kf8 24. Kf2 Ke7 25. Ke3 Ba4 26. b3 Be8 27. a4 h6 28. Kd2 Bd7 29. Rh1 b6 30. Rab1 Ra7 31. Rbc1 Be8 32. h4 Nd7 33. Nb5 Raa8 34. Rhe1 Rc5 35. Bd3 Nf8 36. g3 Ng6 37. Nd4 Nh8 38. Re2 Nf7 39. f4 Nd8 40. Rg2 h5 41. Rgg1 Nc6 42. Nxc6+ Bxc6 43. Ra1 Bd7 44. Rgc1 g6 45. Rc2 b5 46. axb5 Bxb5 47. b4 Bxd3 48. Kxd3 Rb5 49. Rca2 a4 50. Rxa4 Rd8 51. Ra7+ Kf8 52. Rh7 Kg8 53. Raa7 d4 54. Rag7+ Kf8 55. Rxg6 dxc3+ 56. Kxc3 Rc8+ 57. Kb3 Rcb8 58. Rh8+ Kf7 59. Rf6+ Ke7 60. Rh7+ Ke8 61. Rxe6+ Kf8 62. Rh8+ Kg7 63. Rxb8 1-0

[Event "DVM U12 2024"]
[Site "Heidelberg"]
[Date "2024.12.28"]
[Round "4"]
[White "Menke, Raphael Wilhelm"]
[Black "Lieberknecht, Pascal"]
[Result "1-0"]
[ECO "B07"]
[WhiteElo "1742"]
[BlackElo "1212"]
[Annotator "NA RC"]
[PlyCount "38"]
[EventDate "2024.12.23"]
[EventType "team-tourn"]
[EventRounds "7"]
[EventCountry "GER"]
[SourceTitle "playchess.com"]
[Source "ChessBase"]
[SourceQuality "1"]
[TimeControl "40/5400+30:1800+30"]

1. e4 d6 2. d4 Nf6 3. Nc3 g6 4. Bg5 Bg7 5. Qd2 b6 6. O-O-O Bb7 7. f3 Nc6 8. Bh6 Bxh6 9. Qxh6 Qd7 10. e5 dxe5 11. dxe5 Nd5 12. Nxd5 O-O-O 13. Nxb6+ axb6 14. Rxd7 Rxd7 15. Bb5 Rhd8 16. Ne2 Rd5 17. Nc3 Rxe5 18. Rd1 Rxd1+ 19. Kxd1 Nd4 1-0

[Event "DVM U12 2024"]
[Site "Heidelberg"]
[Date "2024.12.28"]
[Round "4"]
[White "Leonhardt, Max"]
[Black "Lange, Fynn Jeremy"]
[Result "0-1"]
[ECO "E05"]
[WhiteElo "1735"]
[BlackElo "1878"]
[Annotator "NA RC"]
[PlyCount "80"]
[EventDate "2024.12.23"]
[EventType "team-tourn"]
[EventRounds "7"]
[EventCountry "GER"]
[SourceTitle "playchess.com"]
[Source "ChessBase"]
[SourceQuality "1"]
[TimeControl "40/5400+30:1800+30"]

1. Nf3 d5 2. g3 Nf6 3. Bg2 e6 4. O-O Be7 5. d4 O-O 6. c4 dxc4 7. Nc3 c5 8. dxc5 Bxc5 9. Qa4 Nc6 10. Qxc4 Bb6 11. Rd1 Qe7 12. e3 e5 13. b3 Be6 14. Qe2 h6 15. Bb2 $15 (15. h3 $11 {is more appropriate.}) 15... a6 16. Rac1 Bg4 17. h3 Bh5 18. g4 Bg6 19. Nd2 Rfd8 20. Nc4 Bc7 21. a3 e4 22. Qc2 Re8 23. Nd5 Nxd5 24. Rxd5 Rad8 25. Rcd1 Rxd5 26. Rxd5 Qe6 27. Rd2 b5 28. Qc3 f6 29. Bf1 Kh7 30. Rc2 bxc4 31. Bxc4 Qe5 32. Bxa6 Qh2+ 33. Kf1 Qh1+ 34. Ke2 Rd8 35. Rc1 Qf3+ 36. Ke1 Be5 37. Qxc6 Bxb2 38. Qc7 Rd5 39. Bc4 Bc3+ 40. Rxc3 Qd1# 0-1

[Event "DVM U12 2024"]
[Site "Heidelberg"]
[Date "2024.12.28"]
[Round "4"]
[White "Tu, Audrey"]
[Black "Zimmer, Tim"]
[Result "1/2-1/2"]
[ECO "C77"]
[WhiteElo "1734"]
[BlackElo "1846"]
[Annotator "NA RC"]
[PlyCount "51"]
[EventDate "2024.12.23"]
[EventType "team-tourn"]
[EventRounds "7"]
[EventCountry "GER"]
[SourceTitle "playchess.com"]
[Source "ChessBase"]
[SourceQuality "1"]
[TimeControl "40/5400+30:1800+30"]

1. e4 e5 2. Nf3 Nc6 3. Bb5 a6 4. Ba4 Nf6 5. d3 b5 6. Bb3 Be7 7. c3 d6 8. Nbd2 O-O 9. O-O Nb8 10. Re1 Nbd7 11. Nf1 Bb7 12. Ng3 Re8 13. d4 Bf8 14. Bc2 g6 15. dxe5 Nxe5 16. Nxe5 dxe5 17. Be3 Qe7 18. Qe2 Rad8 19. Red1 c5 20. a4 c4 21. axb5 axb5 22. Ra7 Rxd1+ 23. Bxd1 Ra8 24. Rxa8 Bxa8 25. f3 Qc7 26. Nf1 1/2-1/2

[Event "DVM U12 2024"]
[Site "Heidelberg"]
[Date "2024.12.28"]
[Round "4"]
[White "Vu, Khoi Nguyen"]
[Black "Hendler, Maximilian"]
[Result "1-0"]
[ECO "B78"]
[WhiteElo "1730"]
[BlackElo "1644"]
[Annotator "NA RC"]
[PlyCount "61"]
[EventDate "2024.12.23"]
[EventType "team-tourn"]
[EventRounds "7"]
[EventCountry "GER"]
[SourceTitle "playchess.com"]
[Source "ChessBase"]
[SourceQuality "1"]
[TimeControl "40/5400+30:1800+30"]

1. e4 c5 2. Nf3 d6 3. d4 cxd4 4. Nxd4 Nf6 5. Nc3 g6 6. Be3 Bg7 7. f3 O-O 8. Bc4 Nc6 9. Qd2 Bd7 10. O-O-O a6 11. g4 b5 12. Bb3 Na5 13. h4 h5 14. g5 Nh7 15. f4 Nxb3+ 16. axb3 b4 17. Nd5 e6 18. Nxb4 Qa5 19. Kb1 Qc7 20. Ne2 a5 21. Na2 d5 22. Nec3 Bc6 23. exd5 exd5 24. Bd4 f6 25. Rhe1 Rfe8 26. Re3 Rxe3 27. Bxe3 Rd8 28. Bd4 Kf7 29. Re1 Qd7 30. Bc5 d4 31. Re7+ 1-0

[Event "DVM U12 2024"]
[Site "Heidelberg"]
[Date "2024.12.28"]
[Round "4"]
[White "Beier, Martin"]
[Black "Vlach, Ludwig"]
[Result "0-1"]
[ECO "C01"]
[WhiteElo "1705"]
[BlackElo "1709"]
[Annotator "NA RC"]
[PlyCount "58"]
[EventDate "2024.12.23"]
[EventType "team-tourn"]
[EventRounds "7"]
[EventCountry "GER"]
[SourceTitle "playchess.com"]
[Source "ChessBase"]
[SourceQuality "1"]
[TimeControl "40/5400+30:1800+30"]

1. e4 e6 2. d4 d5 3. exd5 exd5 4. Bd3 c6 5. Nf3 Bd6 6. c3 Bg4 7. Be3 Ne7 8. Nbd2 Nd7 9. Qc2 Qc7 10. a4 a5 11. Rc1 c5 12. dxc5 Nxc5 13. Bb5+ Bd7 14. Bxd7+ Qxd7 15. Nd4 O-O 16. O-O Ng6 17. Nf5 Rac8 18. Bd4 Ne6 19. Nxd6 Nxd4 20. Qd3 Nf4 21. Qb1 Nde2+ 22. Kh1 Qxd6 23. Rce1 Rfe8 24. g3 Nh3 25. f4 Qc6 26. Nf3 d4 27. Kg2 Nhg1 28. Qf5 Re3 29. Qg4 f5 0-1

[Event "DVM U12 2024"]
[Site "Heidelberg"]
[Date "2024.12.28"]
[Round "4"]
[White "Mi Plaza, Luis Leo Manuel"]
[Black "Buff, Hannes"]
[Result "1-0"]
[ECO "B10"]
[WhiteElo "1702"]
[BlackElo "1370"]
[Annotator "NA RC"]
[PlyCount "86"]
[EventDate "2024.12.23"]
[EventType "team-tourn"]
[EventRounds "7"]
[EventCountry "GER"]
[SourceTitle "playchess.com"]
[Source "ChessBase"]
[SourceQuality "1"]
[TimeControl "40/5400+30:1800+30"]

1. e4 c5 2. c3 d5 3. exd5 Qxd5 4. d4 cxd4 5. cxd4 Nf6 6. Nc3 Qd8 7. Bf4 a6 8. Nf3 Nc6 9. Be2 g6 10. O-O Bg7 11. d5 Na7 12. Qd2 O-O 13. Rfd1 Bf5 14. d6 exd6 15. Qxd6 Qxd6 16. Rxd6 Rfd8 17. Rad1 Rd7 18. Be5 Rxd6 19. Rxd6 Ng4 20. Bxg7 Kxg7 21. h3 Nf6 22. Nd4 Re8 23. Nxf5+ gxf5 24. Rb6 Re7 25. Bf3 Ne4 26. Nxe4 fxe4 27. Be2 f6 28. Kh2 Kg6 29. g4 Nc8 30. Rb3 b5 31. Ra3 Re6 32. f4 Rd6 33. f5+ Kg5 34. Kg3 Ne7 35. h4+ Kh6 36. Kf4 Rd2 37. g5+ Kg7 38. gxf6+ Kxf6 39. Rxa6+ Kf7 40. Bxb5 Rxb2 41. Bc4+ Kf8 42. Kxe4 Rb4 43. Kd3 Nxf5 1-0

[Event "DVM U12 2024"]
[Site "Heidelberg"]
[Date "2024.12.28"]
[Round "4"]
[White "Akcapinar, Timur"]
[Black "Berndt, Ronson"]
[Result "1-0"]
[ECO "B23"]
[WhiteElo "1687"]
[BlackElo "1812"]
[Annotator "NA RC"]
[PlyCount "89"]
[EventDate "2024.12.23"]
[EventType "team-tourn"]
[EventRounds "7"]
[EventCountry "GER"]
[SourceTitle "playchess.com"]
[Source "ChessBase"]
[SourceQuality "1"]
[TimeControl "40/5400+30:1800+30"]

1. e4 c5 2. Nc3 e6 3. f4 Nc6 4. Nf3 Be7 5. Bb5 a6 6. Bxc6 bxc6 7. d3 d5 8. e5 Bb7 9. O-O Nh6 10. b3 Nf5 11. Rf2 Qd7 12. Na4 Qc7 13. Ba3 Qa5 14. Qe1 Qxe1+ 15. Rxe1 Nd4 16. Bxc5 Nxf3+ 17. Rxf3 Bd8 18. g4 h6 19. f5 Kd7 20. Bb6 Be7 21. f6 gxf6 22. exf6 Bd6 23. Bc5 Bxc5+ 24. Nxc5+ Kc7 25. Re5 Rag8 26. h3 h5 27. g5 h4 28. Kh2 Bc8 29. Rf2 Rh5 30. d4 Rhxg5 31. Rxg5 Rxg5 32. Nd3 Bd7 33. Ne5 Be8 34. Rf4 Rf5 35. Rxf5 exf5 36. Nf3 Kd6 37. Nxh4 Ke6 38. Kg3 Kxf6 39. Kf4 Bd7 40. Nf3 Ke6 41. Ne5 Be8 42. Nd3 a5 43. Nc5+ Kf6 44. Nb7 a4 45. bxa4 1-0

[Event "DVM U12 2024"]
[Site "Heidelberg"]
[Date "2024.12.28"]
[Round "4"]
[White "Rogner, Alexander Luis"]
[Black "Berger, Friedrich Richard"]
[Result "1/2-1/2"]
[ECO "C68"]
[WhiteElo "1674"]
[BlackElo "1658"]
[Annotator "NA RC"]
[PlyCount "66"]
[EventDate "2024.12.23"]
[EventType "team-tourn"]
[EventRounds "7"]
[EventCountry "GER"]
[SourceTitle "playchess.com"]
[Source "ChessBase"]
[SourceQuality "1"]
[TimeControl "40/5400+30:1800+30"]

1. e4 e5 2. Nf3 Nc6 3. Bb5 a6 4. Bxc6 dxc6 5. d4 exd4 6. Qxd4 Qxd4 7. Nxd4 Bc5 8. Be3 Bb6 9. Nd2 Nf6 10. f3 Bd7 11. O-O-O O-O-O 12. Rhe1 Rhe8 13. Nc4 h6 14. Bg1 Bxd4 15. Bxd4 Be6 16. Ne3 a5 17. Bxf6 gxf6 18. Rxd8+ Rxd8 19. a3 Rg8 20. Kd2 Kd7 21. g3 b5 22. c3 Kd6 23. Nc2 Rd8 24. Rd1 Ke5+ 25. Ke1 Rxd1+ 26. Kxd1 c5 27. Ke2 f5 28. exf5 Kxf5 29. Ne3+ Ke5 30. Kf2 a4 31. Nf1 f5 32. Ke3 h5 33. Nd2 Bd5 1/2-1/2

[Event "DVM U12 2024"]
[Site "Heidelberg"]
[Date "2024.12.28"]
[Round "4"]
[White "Thoms, Eric"]
[Black "Botvinnik, Julius"]
[Result "1-0"]
[ECO "C56"]
[WhiteElo "1666"]
[BlackElo "1700"]
[Annotator "NA RC"]
[PlyCount "73"]
[EventDate "2024.12.23"]
[EventType "team-tourn"]
[EventRounds "7"]
[EventCountry "GER"]
[SourceTitle "playchess.com"]
[Source "ChessBase"]
[SourceQuality "1"]
[TimeControl "40/5400+30:1800+30"]

1. e4 e5 2. Nf3 Nc6 3. Bc4 Bc5 4. c3 Nf6 5. d4 exd4 6. O-O d5 7. exd5 Nxd5 8. Qb3 Na5 9. Qb5+ c6 10. Qxc5 dxc3 11. Bxd5 cxd5 12. Nxc3 Be6 13. Re1 b6 14. Qxd5 Qxd5 15. Nxd5 O-O 16. Nc7 Rad8 17. Nxe6 fxe6 18. Bg5 Rd5 19. Bh4 Rh5 20. Bg3 Rb5 21. b3 Re8 22. Rac1 Rc5 23. Rxc5 bxc5 24. Re5 Nb7 25. h3 h6 26. Kf1 Kf7 27. Nd2 Rd8 28. Ke2 Rd5 29. Ne4 a5 30. Rxd5 exd5 31. Nd6+ Nxd6 32. Bxd6 c4 33. bxc4 dxc4 34. Kd2 Ke6 35. Bf8 Kf7 36. Bc5 Ke6 37. Kc3 1-0

[Event "DVM U12 2024"]
[Site "Heidelberg"]
[Date "2024.12.28"]
[Round "4"]
[White "Bergmann, Rafael Antonio"]
[Black "Heidtkamp, Anna"]
[Result "1-0"]
[ECO "C78"]
[WhiteElo "1647"]
[BlackElo "1663"]
[Annotator "NA RC"]
[PlyCount "53"]
[EventDate "2024.12.23"]
[EventType "team-tourn"]
[EventRounds "7"]
[EventCountry "GER"]
[SourceTitle "playchess.com"]
[Source "ChessBase"]
[SourceQuality "1"]
[TimeControl "40/5400+30:1800+30"]

1. e4 e5 2. Nf3 Nc6 3. Bb5 Nf6 4. O-O a6 5. Ba4 b5 6. Bb3 Bc5 7. d3 h6 8. Nc3 d6 9. Nd5 Bg4 10. Ne3 Bh5 11. Nf5 O-O 12. c3 Ne7 13. Ng3 Bg4 14. h3 Be6 15. Nh4 Bxb3 16. axb3 Ng6 17. Nhf5 d5 18. Qf3 dxe4 19. dxe4 c6 20. Rd1 Qc7 21. Nxh6+ Kh8 22. Nhf5 Qa7 23. Bg5 Rfd8 24. Bxf6 gxf6 25. b4 Bb6 26. Qh5+ Kg8 27. Qh6 1-0

[Event "DVM U12 2024"]
[Site "Heidelberg"]
[Date "2024.12.28"]
[Round "4"]
[White "Classen, Marnin"]
[Black "Pflugbeil, Julian"]
[Result "1-0"]
[ECO "B07"]
[WhiteElo "1632"]
[BlackElo "1586"]
[Annotator "NA RC"]
[PlyCount "91"]
[EventDate "2024.12.23"]
[EventType "team-tourn"]
[EventRounds "7"]
[EventCountry "GER"]
[SourceTitle "playchess.com"]
[Source "ChessBase"]
[SourceQuality "1"]
[TimeControl "40/5400+30:1800+30"]

1. e4 d6 2. d4 Nf6 3. Bd3 g6 4. c4 Bg7 5. Nf3 O-O 6. O-O Nbd7 7. h3 c5 8. d5 a6 9. Nc3 Rb8 10. Rb1 Ne8 11. Qd2 Nc7 12. a4 e5 13. b3 Ne8 14. Qe2 f5 15. Bd2 f4 16. Nh2 Qf6 17. Qd1 Nb6 18. Be2 Bd7 19. Bg4 Bxg4 20. Nxg4 Qg5 21. Nh2 Rf7 22. Nf3 Qf6 23. Rb2 h5 24. Nb1 g5 25. Nh2 Qg6 26. Bc3 Qxe4 27. Qxh5 Qf5 28. Qe2 Nf6 29. Nd2 e4 30. Bxf6 Bxf6 31. Ng4 Bxb2 32. Nh6+ Kg7 33. Nxf5+ Rxf5 34. Nxe4 Be5 35. Qg4 Kg6 36. h4 Rh8 37. Nxg5 Rxh4 38. Qxh4 Rxg5 39. Qh3 Kg7 40. Re1 Na8 41. Qc8 f3 42. g3 Bd4 43. Re7+ Kh6 44. Qf8+ Kh5 45. Rh7+ Kg6 46. Rh6# 1-0

[Event "DVM U12 2024"]
[Site "Heidelberg"]
[Date "2024.12.28"]
[Round "4"]
[White "Zhao, Yunsheng"]
[Black "Tiuca, Emma"]
[Result "1-0"]
[ECO "C01"]
[WhiteElo "1630"]
[BlackElo "1472"]
[Annotator "NA RC"]
[PlyCount "79"]
[EventDate "2024.12.23"]
[EventType "team-tourn"]
[EventRounds "7"]
[EventCountry "GER"]
[SourceTitle "playchess.com"]
[Source "ChessBase"]
[SourceQuality "1"]
[TimeControl "40/5400+30:1800+30"]

1. e4 e6 2. d4 d5 3. exd5 exd5 4. Bd3 Bd6 5. Nf3 Nf6 6. c3 c6 7. Bg5 Be6 8. Nbd2 Nbd7 9. O-O O-O 10. Qc2 Qc7 11. Rfe1 Rfe8 12. Re2 h6 13. Bh4 Re7 14. Rae1 Rae8 15. Bg3 Bxg3 16. hxg3 b6 17. Nh4 Rd8 18. Nf5 Ree8 19. b4 Nf8 20. Nf3 N8h7 21. Ne5 Ng5 22. Nh4 Ngh7 23. a4 Qb7 24. b5 c5 25. Nc6 Ra8 26. Bf5 Bxf5 27. Rxe8+ Rxe8 28. Rxe8+ Nxe8 29. Nxf5 Nhf6 30. Nfe7+ Kh8 31. Qe2 Nd6 32. Qf3 Nde4 33. Nxd5 Nxd5 34. Qxe4 Nxc3 35. Qe8+ Kh7 36. Ne7 Ne2+ 37. Kh2 h5 38. Qg8+ Kh6 39. Qh8+ Kg5 40. Qxg7# 1-0

[Event "DVM U12 2024"]
[Site "Heidelberg"]
[Date "2024.12.28"]
[Round "4"]
[White "Boroshnev, Dmytro"]
[Black "Dilger, Ludwig"]
[Result "1-0"]
[ECO "C84"]
[WhiteElo "1627"]
[BlackElo "1615"]
[Annotator "NA RC"]
[PlyCount "139"]
[EventDate "2024.12.23"]
[EventType "team-tourn"]
[EventRounds "7"]
[EventCountry "GER"]
[SourceTitle "playchess.com"]
[Source "ChessBase"]
[SourceQuality "1"]
[TimeControl "40/5400+30:1800+30"]

1. e4 e5 2. Nf3 Nc6 3. Bb5 a6 4. Ba4 Nf6 5. O-O Be7 6. d3 b5 7. Bb3 O-O 8. c3 d5 9. exd5 Nxd5 10. h3 Nf6 11. Qe2 Bd6 12. Bg5 Re8 13. Nbd2 h6 14. Bxf6 Qxf6 15. Qe4 Bd7 16. Bd5 Bf5 17. Qe3 Bd7 18. a4 Rab8 19. Ne4 Qf4 20. Qxf4 exf4 21. axb5 Rxb5 22. Bc4 Rxb2 23. Rxa6 Bf8 24. Rfa1 Bd6 25. Ra8 Rbb8 26. Rxb8 Rxb8 27. Ra6 Be7 28. Bd5 Rb6 29. Ra8+ Bf8 30. Kh2 Be6 31. Bxe6 fxe6 32. Nc5 Rb8 33. Rxb8 Nxb8 34. Nxe6 Bd6 35. Ned4 Nd7 36. Nb3 Bc5 37. Kg1 Kf7 38. Kf1 Ke6 39. Ke2 Bd6 40. d4 c5 41. Kd3 cxd4 42. Nbxd4+ Kd5 43. c4+ Kc5 44. Ne6+ Kb4 45. Nxg7 Nc5+ 46. Kd4 Be7 47. Nh5 Ne6+ 48. Ke5 Ng5 49. Kxf4 Nxf3 50. Kxf3 Kxc4 51. Ke4 Bd6 52. f4 Kc5 53. Kf5 Kd5 54. Nf6+ Kc6 55. g4 Kc7 56. g5 hxg5 57. fxg5 Kd8 58. Ke6 Be7 59. g6 Bxf6 60. Kxf6 Kd7 61. g7 Kd6 62. g8=Q Kc5 63. Qd8 Kc4 64. Ke5 Kc3 65. Qd4+ Kb3 66. Kd5 Kc2 67. Kc4 Kc1 68. Qf2 Kb1 69. Kb3 Kc1 70. Qc2# 1-0

[Event "DVM U12 2024"]
[Site "Heidelberg"]
[Date "2024.12.28"]
[Round "4"]
[White "Atar, Semih Akif"]
[Black "Satti, Shahroz"]
[Result "1/2-1/2"]
[ECO "E06"]
[WhiteElo "1624"]
[BlackElo "1525"]
[Annotator "NA RC"]
[PlyCount "51"]
[EventDate "2024.12.23"]
[EventType "team-tourn"]
[EventRounds "7"]
[EventCountry "GER"]
[SourceTitle "playchess.com"]
[Source "ChessBase"]
[SourceQuality "1"]
[TimeControl "40/5400+30:1800+30"]

1. c4 e6 2. g3 d5 3. Bg2 Nf6 4. Nf3 Be7 5. O-O O-O 6. cxd5 exd5 7. d4 Bf5 8. Bf4 Nbd7 9. Ne5 c6 10. Nc3 Nxe5 11. Bxe5 Qd7 12. Rc1 Bh3 13. Qd3 Bf5 14. Qd2 Rfe8 15. a3 a6 16. Na4 Qd8 17. Qc3 Ne4 18. Bxe4 Bxe4 19. f3 Bf5 20. Qb3 Ra7 21. Rfe1 Bg5 22. e3 Be7 23. e4 dxe4 24. fxe4 Bg4 25. Rc3 Be6 26. Qc2 1/2-1/2

[Event "DVM U12 2024"]
[Site "Heidelberg"]
[Date "2024.12.28"]
[Round "4"]
[White "Svanidze, Alexander"]
[Black "Teng, David"]
[Result "0-1"]
[ECO "B22"]
[WhiteElo "1615"]
[BlackElo "1732"]
[Annotator "NA RC"]
[PlyCount "82"]
[EventDate "2024.12.23"]
[EventType "team-tourn"]
[EventRounds "7"]
[EventCountry "GER"]
[SourceTitle "playchess.com"]
[Source "ChessBase"]
[SourceQuality "1"]
[TimeControl "40/5400+30:1800+30"]

1. e4 c5 2. c3 Nf6 3. e5 Nd5 4. d4 cxd4 5. Nf3 e6 6. cxd4 d6 7. Bc4 Be7 8. O-O Bd7 9. Re1 Bc6 10. Bd2 Nd7 11. Nc3 Nxc3 12. Bxc3 Qc7 13. Bb3 O-O 14. Rc1 Rfd8 15. Qe2 Nb6 16. Bd2 Qd7 17. Bf4 Rac8 18. Bg3 Nd5 19. a3 a6 20. Ba2 a5 21. h3 b5 22. b3 b4 23. a4 Nc3 24. Qb2 Bxf3 25. gxf3 Qb7 26. Kg2 Qd5 27. exd6 Bxd6 28. Be5 Be7 29. Bb1 Bg5 30. Rc2 f6 31. Bg3 Qxd4 32. Rxe6 Re8 33. Rd6 Qc5 34. Rd7 Qf5 35. Rd4 Nxb1 36. Qxb1 Qxc2 37. Qf1 Qc3 38. Rd7 Rcd8 39. Rc7 Qd3 40. Qa1 Rc8 41. Rb7 Rc1 0-1